← All builds
Front / Cortex / Economy first / OBSERVED BUILD

Brute assault

Cortex Front build order · Supreme Isthmus

Vehicle Plant into early raid support, then Brute-led T1 vehicle assault pushed to middle from around 2:20, far earlier than the role norm, aiming to fight into the enemy base rather than just hold the line.

#push #raid · 25 distinct matches · 17 players · 3% of Cortex Front games · team won 68% of 25 · Recently observed

THE CATCH, AND WHAT COMES WITH IT
  • BruteT1 vehicle assault from 2:20 · 3% of role by thenFrom the Vehicle Plant. Only 3% of Front games have it by then; others who build it get it around 8:48
  • Vehicle PlantVehicle Plant in 96%20% of all Front games by then
  • RascalRascal in 92%20% of all Front games by then
  • BruteBrute in 76%3% of all Front games by then
  • WolverineWolverine in 56%13% of all Front games by then

Started with Brute (88%), Garpike (12%).

Where those units first fight, in 25 games with kill data: in the middle 92%, on their own side 8%.

Those units destroy a typical 3,174 metal of enemy units by 15:00.

HOW TO PLAY IT

Key timing: Brute by 8:47

  1. Open triple mex into Vehicle Plant by 0:48.
  2. Send Rascal raiders out immediately to harass.
  3. Bring Wolverine arty up alongside the advancing line.
  4. Commit Brute as the main assault spearhead into middle.
  5. Reclaim the Vehicle Plant and shift into T2 constructor.

Phase by phase

TYPICAL OF ITS 25 GAMES · AGAINST STANDARD FRONT
  1. 1
  2. 2
  3. 3
  4. 4
PLAY THE OPENING

Follow the example game's first 6:00 step by step: what to build now, what comes next, and where it goes. At 1× it keeps pace with your own game.

  1. 1

    Up to the Vehicle Plant

    Economy
    • Metal Extractor2Mex
    Order
    1. Vehicle PlantVehicle Plant after 2 mexdone ~0:48, middle half 0:41–0:58

    Some games also: wind (40%)

    By 0:29 in all: 2 mex

    The example game in this phase · 2 steps
    1. Mex ×2
    2. Vehicle PlantVehicle Plantdone 0:49 · typical 0:48
  2. 2

    Vehicle Plant to T1 vehicle assault

    Economy
    • Metal Extractor1Mex
    • Wind Turbine2Wind
    Order
    1. BruteT1 vehicle assault after 4 mex, 3 wind
    Builders
    • Construction Vehicle2 Con vehicle +2 vs standard
    Army
    • Rascal2 Rascal +2 vs standard
    • Incisor1 Incisor

    The standard build makes here, this one skips: 2 con bot · 3 grunt · 3 thug

    By 2:20 in all: 4 mex · 3 wind

    The example game in this phase · 7 steps
    1. Wind ×2
    2. RascalRascal ×5
    3. Mex
    4. IncisorIncisor ×2
    5. Construction VehicleCon vehicle ×3
    6. Mex
    7. BruteBrutedone 2:14
  3. 3

    T1 vehicle assault to 5:00

    Economy
    • Metal Extractor2Mex
    • Wind Turbine3Wind
    Army
    • Guard1 Guard
    • Brute5 Brute +5 vs standard

    Some games also: con vehicle (40%)

    The standard build makes here, this one skips: 6 thug · 5 aggravator

    By 5:00 in all: 6 mex · 7 wind (standard 4)

    The example game in this phase · 14 steps
    1. BruteBrute ×2
    2. Mex
    3. BruteBrute
    4. RascalRascal ×5
    5. BruteBrute
    6. GuardGuard
    7. Mex
    8. BruteBrute
    9. Mex
    10. Twin GuardTwin Guard
    11. BruteBrute
    12. Mex
    13. BruteBrute
    14. Wind
  4. 4

    5:00 to Bot Lab

    Economy
    • Metal Extractor1Mex
    • Wind Turbine17Wind−6 vs standard
    • Energy Storage1Energy storage
    Order
    1. Bot LabBot Lab after 7 mex, 21 wind, 4 con turretdone ~10:49, middle half 6:37–12:32
    Builders
    • Construction Turret3 Con turret
    • Construction Vehicle1 Con vehicle
    Army
    • Guard1 Guard
    • Brute10 Brute +10 vs standard

    Some games also: Radar Tower (36%) · rascal (32%) · Twin Guard (32%) · eat Vehicle Plant (44%)

    The standard build makes here, this one skips: 2 Graverobber · 2 con bot · 14 grunt

    By 11:20 in all: 7 mex · 26 wind · 1 energy storage · 4 con turret

    The example game in this phase · 93 steps
    1. BruteBrute
    2. Wind
    3. Twin GuardTwin Guard
    4. BruteBrute
    5. AgitatorAgitatordone 7:10
    6. Wind
    7. Con turret
    8. Wind ×3
    9. Energy storage
    10. Wind ×2
    11. Con turret
    12. Wind ×3
    13. CastroCastro
    14. BruteBrute
    15. Con turret
    16. BruteBrute ×2
    17. Con turret
    18. BruteBrute ×2
    19. Advanced Metal ExtractorT2 mexdone 9:48 · typical 9:48
    20. Con turret ×3
    21. Advanced Metal ExtractorT2 mex ×2
    22. PounderPounder ×2
    23. Mex
    24. PounderPounder ×3
    25. Advanced solar
    26. PounderPounder
    27. Twin GuardTwin Guard
    28. PounderPounder
    29. Twin GuardTwin Guard
    30. Advanced Metal ExtractorT2 mex
    31. PounderPounder
    32. Con turret
    33. PounderPounder
    34. Bot LabBot Labdone 12:21 · typical 10:49
    35. PounderPounder
    36. Con turret
    37. RascalRascal ×2
    38. Con turret
    39. GraverobberGraverobber
    40. RascalRascal
    41. Advanced solar
    42. Wind
    43. RascalRascal
    44. GraverobberGraverobber
    45. Advanced Metal ExtractorT2 mex
    46. RascalRascal
    47. Wind
    48. RascalRascal
    49. Advanced solar
    50. Wind
    51. RascalRascal
    52. Wind
    53. RascalRascal ×2
    54. Wind
    55. GruntGrunt
    56. RascalRascal
    57. Advanced solar
    58. GruntGrunt
    59. RascalRascal
    60. GruntGrunt
    61. RascalRascal
    62. GruntGrunt
    63. RascalRascal
    64. GruntGrunt
    65. RascalRascal
    66. Mex
    67. GruntGrunt
    68. RascalRascal
    69. GruntGrunt
    70. RascalRascal
    71. GruntGrunt
    72. RascalRascal
    73. GruntGrunt
    74. RascalRascal
    75. GruntGrunt
    76. RascalRascal
    77. GruntGrunt
    78. RascalRascal
    79. GruntGrunt
    80. RascalRascal
    81. Twin GuardTwin Guard
    82. GruntGrunt
    83. RascalRascal ×5
    84. GuardGuard
    85. Mex
    86. GuardGuard
    87. Converter
    88. Bot LabBot Labdone 14:47
    89. Converter
    90. GuardGuard
    91. Converter
    92. GraverobberGraverobber ×2
    93. Converter

Counts are medians over the build's games: half of them build more, half fewer. The example game is EpicTyrannus's (42 OS, 14/10/2026); pick another.

Team trades

IN AT LEAST 30% OF ITS GAMES

You hand over

Nothing regular.

You get

  • Tidal Generator4 Tidal from Pondfirst at 0:17 · in 32% of games
  • Tidal Generator4 Tidal from Pondfirst at 0:24 · in 64% of games
  • Advanced Construction Bot1 T2 con bot from Geo or Techfirst at 7:49 · in 60% of games

How it plays out

Typical game of this build against the role’s standard build, running totals by minute

  • This build
  • Standard front

Metal produced

010k20k30k
0:005:0010:0015:00

metal

Enemy metal destroyed

05k10k15k
0:005:0010:0015:00

metal

Own metal lost

05k10k
0:005:0010:0015:00

metal

25 games.

Show as table
ByMetal produced: This buildMetal produced: Standard frontEnemy metal destroyed: This buildEnemy metal destroyed: Standard frontOwn metal lost: This buildOwn metal lost: Standard front
1:003313310000
2:00859856420260
3:00160116271081047886
4:0027752711313389282341
5:0039843853767921623839
6:0052725109126815899081556
7:00646363951843237220172474
8:00802077262576312527783385
9:00945091513202383734854291
10:0011115107983570453840795079
11:0013010126425003520552075987
12:0015540145085870569060756925
13:0017931168146757620664957630
14:0020522189697227666374778539
15:00232242063210526725785429305
WHAT THE NUMBERS SAY

Won slightly less than the standard Front build but destroyed far more enemy metal while losing much less.

  • + Destroys 3223 metal by 15:00, far above standard's losses ratio
  • + Own losses much lower, 9023 vs 9422 by 15:00
  • − Enemy metal destroyed by 5:00 trails standard, 701 vs 922
  • − Win rate dips to 44% vs standard's 45% is close but not better
THE EXAMPLE YOU ARE READING

EpicTyrannus

42.0 OS · 14/10/2026

Open source match ↗

96 received units · includes a constructor
648 metal received · 65832 energy received

Allied construction assistance is unknown. Timings are observations, not a promise of solo reproducibility.

Typical milestones

Vehicle Plant0:48Middle 50%: 0:41–0:58 · n=25
Advanced Metal Extractor9:48Middle 50%: 8:49–9:56 · n=19
Bot Lab10:49Middle 50%: 6:37–12:32 · n=14

Played most by

EpicTyrannus4games of this buildCommandoMan3games of this build[Crd]Claps2games of this buildChancho2games of this buildHummell2games of this build